 Dungeon Crawl Stone Soup version 0.28-a0-863-g8cecda6153 (webtiles) character file.

Game seed: 15076888628740656454

837 bande the Chopper (level 7, 0/44 HPs)
             Began as a Gargoyle Fighter on Nov 19, 2021.
             Slain by an unseen horror (6 damage)
             ... on level 5 of the Dungeon.
             The game lasted 00:08:27 (6021 turns).

bande the Chopper (Gargoyle Fighter)                Turns: 6021, Time: 00:08:28

Health: 0/44       AC: 16    Str: 21    XL:     7   Next: 99%
Magic:  7/7        EV:  8    Int:  8    God:
Gold:   170        SH:  4    Dex: 10    Spells: 6/6 levels left

rFire   . . .      SeeInvis .   a - +0 war axe
rCold   + . .      Faith    .   c - +0 buckler
rNeg    + . .      Spirit   .   o - +0 chain mail
rPois   ∞          Reflect  .   p - +0 helmet
rElec   +          Harm     .   (no cloak)
rCorr   .          Rampage  .   (no gloves)
Will    .....                   (no boots)
Stlth   ..........              (no amulet)
HPRegen 0.14/turn               i - ring of protection from cold
MPRegen 0.10/turn               (no ring)

@: no status effects
A: sickness immunity, AC +4, negative energy resistance 1, electricity
resistance, torment resistance 1, petrification resistance
a: no special abilities


You were on level 5 of the Dungeon.
You visited 2 branches of the dungeon, and saw 6 of its levels.

You collected 170 gold pieces.

Inventory:

Hand Weapons
 a - a +0 war axe (weapon)
 b - a +0 flail
 n - a +0 war axe
Armour
 c - a +0 buckler (worn)
 o - a +0 chain mail (worn)
 p - a +0 helmet (worn)
Jewellery
 i - a ring of protection from cold (left hand)
Scrolls
 f - 2 scrolls of teleportation
 s - a scroll of identify
Potions
 g - a potion of resistance {unknown}
 h - 2 potions of curing {unknown}
 j - 2 potions of ambrosia {unknown}
 k - a potion of brilliance {unknown}
 l - a potion of lignification {unknown}
 m - 2 potions of flight {unknown}
 q - a potion of magic {unknown}
 r - a potion of degeneration {unknown}


   Skills:
 + Level 4.9 Fighting
 + Level 5.8 Axes
 + Level 5.6 Armour
 + Level 4.7 Shields


You had 6 spell levels left.
You didn't know any spells.
Your spell library contained the following spells:

 Spells                   Type           Power      Damage    Failure   Level
 Beastly Appendage        Tmut           0%         N/A       98%         1
 Sandblast                Erth           0%         2d4       98%         1
 Passwall                 Tmut/Erth      0%         N/A       99%         2
 Wereblood                Tmut           0%         N/A       99%         2
 Frozen Ramparts          Ice            0%         1d2       100%        3
 Spider Form              Tmut/Pois      0%         N/A       100%        3
 Stone Arrow              Conj/Erth      0%         3d7       100%        3
 Summon Guardian Golem    Hex/Summ       0%         N/A       100%        3
 Ice Form                 Ice/Tmut       0%         N/A       100%        4
 Summon Ice Beast         Ice/Summ       0%         N/A       100%        4
 Orb of Destruction       Conj           0%         N/A       100%        7
 Spellforged Servitor     Conj/Summ      0%         N/A       100%        7


Dungeon Overview and Level Annotations

Branches:
Dungeon (5/15)             Temple (1/1) D:5

Altars:
Ashenzari
Elyvilon
Gozag
Hepliaklqana
Kikubaaqudgha
Makhleb
Qazlal
Ru
Sif Muna
Trog
Uskayaw
Wu Jian
Xom
Yredelemnul
Zin
The Shining One


Innate Abilities, Weirdness & Mutations

You are immune to sickness and miasma.
Your stone body is resilient. (AC +4)
You are immune to poison.
You resist negative energy. (rN+)
You are resistant to electric shocks. (rElec)
You are resistant to unholy torment.
You are immune to petrification.


Message History

Something hits you but does no damage.
You closely miss something.
Something hits you but does no damage. x2
You miss something. You block something's attack.
Something hits you but does no damage.
You hit something.
Something hits you but does no damage. x2
You slash something! Something hits you but does no damage.
You closely miss something. Something hits you.
You feel a little less mighty now. You block something's attack.
Something hits you.
Things that are here:
a +0 shortbow; 10 arrows Something hits you!
Something hits you!
Something hits you but does no damage. x3
Something hits you. Something hits you but does no damage.
Something hits you but does no damage. Something hits you but does no damage.
Something hits you but does no damage. Something hits you but does no damage.
Something hits you but does no damage.
Something hits you but does no damage. x2
Something hits you but does no damage. Something hits you.
Something completely misses you. Something hits you but does no damage.
You block something's attack. Something hits you.
* * * LOW HITPOINT WARNING * * *
Something hits you but does no damage. Something hits you but does no damage.
Something hits you.
* * * LOW HITPOINT WARNING * * *
Something hits you but does no damage. Something hits you but does no damage.
Something hits you but does no damage. x2
Something hits you but does no damage.
Something hits you but does no damage. x2
Something hits you.
You die...

###..##.......##.....####....##
#....###...........#..####...#
.....##..........###....##.....
.###............###..........##.
..##..####.....###...####....#
.....## ##.....#...## #...##
##...# #.##....### #... #.....#
.##....## ##..# #..#..# .#
#..@..# #...# .......
..##..##.#####...## .... ...#..
#..........### # ..##
#..)###.#####.##...### ..#
##..##..## ##.#####... ..#
#...#...###.## ##.# ...#
#...........# #.# ....
.##...........# #(# #...
..............## ###.#


There were no monsters in sight!

Vanquished Creatures
  Eustachio (D:4)
  A black bear (D:5)
  2 centaurs (D:5)
  A phantom (D:4)
  A scorpion (D:4)
  2 hounds
  A centaur skeleton (D:4)
  A bullfrog skeleton (D:5)
  An orc wizard (D:4)
  A scorpion zombie (D:5)
  Robin (D:4)
  5 adders
  2 worms
  4 dart slugs
  6 orcs
  5 ball pythons
  6 endoplasms
  2 giant cockroaches
  9 goblins
  12 hobgoblins
  3 quokkas
  2 bats (D:1)
  3 frilled lizards
  5 kobolds (D:2)
  3 rats
80 creatures vanquished.

Notes
Turn   | Place    | Note
-------+----------+-------------------------------------------
     0 | D:1      | bande the Gargoyle Fighter began the quest for the Orb.
     0 | D:1      | Reached XP level 1. HP: 14/14 MP: 1/1
   630 | D:1      | Reached XP level 2. HP: 14/19 MP: 2/2
  1295 | D:2      | Reached XP level 3. HP: 24/24 MP: 3/3
  1375 | D:2      | You fall into a shaft and drop 2 floors!
  1442 | D:3      | Found a glowing golden altar of the Shining One.
  1442 | D:3      | Found a hazy altar of Hepliaklqana.
  2622 | D:3      | Reached XP level 4. HP: 24/29 MP: 4/4
  3552 | D:4      | Identified the +9 trident of the Penguin {freeze, rN+ Will+
                  | Str+7}
  3573 | D:4      | Reached XP level 5. HP: 23/33 MP: 5/5
  4276 | D:4      | Reached XP level 6. HP: 38/39 MP: 6/6
  4617 | D:4      | Noticed Robin
  4622 | D:4      | Killed Robin
  4924 | D:5      | Entered Level 5 of the Dungeon
  4924 | D:5      | Noticed Eustachio
  4992 | D:4      | Killed Eustachio
  4993 | D:4      | Reached skill level 5 in Armour
  4993 | D:4      | Reached XP level 7. HP: 19/44 MP: 7/7
  5253 | D:5      | Found a staircase to the Ecumenical Temple.
  5272 | Temple   | Entered the Ecumenical Temple
  5589 | D:5      | Reached skill level 5 in Axes
  6021 | D:5      | Slain by an unseen horror

Illustrated notes

Levels and vault maps discovered:
D:1:      wander_arrival_chamber, layout_basic, hangedman_decor_points,
          minmay_misc_feat_ornament
D:2:      layout_basic
D:3:      layout_loops_ring, chequers_temple_overflow_statue_of_worship,
          minmay_misc_feat_pillars
D:4:      layout_basic, uniq_robin
D:5:      layout_layer_cave, temple_pool_b, palyth_stone_intersect,
          uniq_eustachio
Temple:   minmay_temple_curvy_branch

Skill      XL: |  1  2  3  4  5  6  7 |
---------------+----------------------+-----
Axes           | 2 3 4 5 |  5.8
Armour         | 4 5 |  5.6
Fighting       | 4 |  4.9
Shields        | 4 |  4.7

Action                   |  1- 3 |  4- 6 |  7- 9 || total
-------------------------+-------+-------+-------++-------
Melee: War axe           |   133 |   188 |    47 ||   368
  Use: Scroll            |     2 |       |     3 ||     5
       Potion            |       |       |     5 ||     5
Armor: Scale mail        |    81 |    54 |       ||   135
       Chain mail        |       |    84 |   117 ||   201
Dodge: Dodged            |    75 |    88 |    21 ||   184
Block: Buckler           |    32 |    58 |    19 ||   109

Table legend: (Time is in decaauts)
 A = Elapsed time spent in this place.
 B = Non-inter-level travel time spent in this place.
 C = Inter-level travel time spent in this place.
 D = Time resting spent in this place.
 E = Time spent auto-exploring this place.
 F = Levels seen in this place.
 G = Mean time per level.
                   A        B        C        D        E       F      G
               +--------+--------+--------+--------+--------+-----+--------+
         Total |   6154 |   6062 |     92 |   1823 |   3053 |   6 | 1025.7 |
       Dungeon |   5903 |   5811 |     92 |   1823 |   2807 |   5 | 1180.6 |
        Temple |    251 |    251 |      0 |      0 |    246 |   1 |  251.0 |
               +--------+--------+--------+--------+--------+-----+--------+

Top non-repeatable levels by time:
     D:2: 1382 daAuts
     D:3: 1323 daAuts
     D:1: 1305 daAuts
     D:4: 1284 daAuts
     D:5: 606 daAuts
  Temple: 251 daAuts
